 Dungeon Crawl Stone Soup version 0.15.0-8-gb109cf8 (webtiles) character file.

66401 RobertPalmer the Nimble (level 15, -9/114 HPs)
             Began as a Human Death Knight on Aug 29, 2014.
             Was a High Priest of Yredelemnul.
             Mangled by an orc warrior
             ... wielding a +0 flail
              (11 damage)
             ... on Level 4 of the Orcish Mines.
             The game lasted 02:14:45 (29489 turns).

RobertPalmer the Nimble (Human Death Knight)       Turns: 29489, Time: 02:14:45

HP  -9/114       AC 28     Str 11      XL: 15   Next: 62%
MP   4/29        EV  4     Int 12      God: Yredelemnul [*****.]
Gold 1479        SH  0     Dex 19      Spells:  0 memorised, 14 levels left

rFire  + + .     SeeInvis +     a - +1 lajatang (flame)
rCold  + + .     Clarity  +     n - +3 plate armour {rF+}
rNeg   . . .     rCorr    +     (no shield)
rPois  +         rRot     .     i - +0 mask of the Dragon {MR+ Slay+3 SInv}
rElec  +         Spirit   .     h - +1 cloak of Free Expression {+Rage SInv}
SustAb .         Warding  .     N - +2 pair of gloves
rMut   .         Stasis   .     k - +2 pair of boots {+Jump}
Gourm  .                        (no amulet)
MR     +++..                    g - cursed ring "Boforch" {MR+ Dex+1 Int-1}
                                K - ring of protection from cold

@: resistant, very slightly contaminated, hasted, very quick, extremely
resistant to hostile enchantments, extremely unstealthy
A: clarity, weak 1
a: Animate Dead, Recall Undead Slaves, Injury Mirror, Drain Life, Enslave Soul,
Renounce Religion, Evoke Berserk Rage, Evoke Jump Attack


You were on level 4 of the Orcish Mines.
You worshipped Yredelemnul.
Yredelemnul was extremely pleased with you.
You were hungry.

You visited 3 branches of the dungeon, and saw 24 of its levels.

You collected 2531 gold pieces.
You spent 1052 gold pieces at shops.


Innate Abilities, Weirdness & Mutations

You possess an exceptional clarity of mind.
You are weak. (Str -2)


   Skills:
 - Level 9.6 Fighting
   Level 7.0(9.6) Polearms
 - Level 10.2(11.1) Staves
 + Level 12.4 Armour
 - Level 14.5 Dodging
 + Level 11.2 Invocations


You had 14 spell levels left.
You didn't know any spells.

Inventory:

Hand weapons
 a - a +1 lajatang of flaming (weapon)
 b - a +0 blowgun
Missiles
 s - 48 poisoned needles
 C - 4 needles of confusion
 J - a throwing net (quivered)
Armour
 h - the +1 cloak of Free Expression (worn) {+Rage SInv}
   (You acquired it on level 1 of the Lair of Beasts)

   It enhances your eyesight.
   It lets you go berserk.
 i - the +0 mask of the Dragon (worn) {MR+ Slay+3 SInv}
   (You found it on level 1 of the Lair of Beasts)

   It affects your accuracy and damage with ranged weapons and melee attacks
   (+3).
   It affects your resistance to hostile enchantments.
   It enhances your eyesight.
 k - a +2 pair of boots of jumping (worn)
 n - a +3 plate armour of fire resistance (worn)
 N - a +2 pair of gloves (worn)
Magical devices
 l - a wand of cold (1)
 E - a wand of cold (4)
Comestibles
 c - 14 bread rations
 G - 5 meat rations
 O - 11 beef jerkies
 Q - 2 royal jellies
 S - a slice of pizza
Scrolls
 d - 8 scrolls of remove curse
 F - 2 scrolls of recharging
 M - 2 scrolls of magic mapping
 Z - 3 scrolls of immolation {!r}
Jewellery
 e - an uncursed ring of fire
 g - the cursed ring "Boforch" (right hand) {MR+ Dex+1 Int-1}
   (You found it on level 8 of the Lair of Beasts)

   [ring of protection from magic]

   It affects your intelligence (-1).
   It affects your dexterity (+1).
   It affects your resistance to hostile enchantments.
   It has a curse placed upon it.
 j - an uncursed ring of flight
 m - an uncursed amulet of stasis
 o - an uncursed ring of poison resistance
 x - an uncursed ring of wizardry
 y - an uncursed ring of sustain abilities
 A - an uncursed ring of ice
 K - a ring of protection from cold (left hand)
 V - an uncursed amulet of guardian spirit
Potions
 f - 5 potions of restore abilities
 r - a potion of cure mutation
 v - 2 potions of brilliance
 I - 2 potions of cancellation
 L - a potion of resistance
Books
 H - a book of Alchemy
Magical staves
 q - an uncursed staff of energy {!a}
Miscellaneous
 R - a box of beasts

Dungeon Overview and Level Annotations

Branches:
Dungeon (12/15)            Temple (0/1) D:6             Orc (4/4) D:10
    Elf (0/3) Orc:4          Lair (8/8) D:9          Spider (0/5) Lair:4
  Slime (0/6) Lair:8
  Swamp: Lair:3-6    Shoals: Lair:3-6

Altars:
Cheibriados
Dithmenos
Elyvilon
Kikubaaqudgha
Nemelex Xobeh
Okawaru
Sif Muna
Xom
Beogh

Shops:
D:10 (   Orc:4 *

Annotations:
D:4 letownia's ghost, average TrWr
Lair:8 exclusion: 2 oklob plants

##............[..........###
###.#......##.....(.....#
####....###....(((....#
##............)......#
#..........##........###
################.......##
########.#......#
##.....#####.....####
##o..)@.# ##........#
##....)o)####........##
..###.......###.#......###
........§..## #.....Z...#
........).## #...)##..##
....###))# #...#.#### ...
#.)# #......# . #§.#
#....).# #..# #....).#


You could see an orc warrior and an orc wizard.


Message History

Aim: an orc high priest, wielding a halberd and wearing a chain mail (moderately wounded)
The bolt of cold hits the orc high priest.
The orc high priest is heavily wounded.
The orc warrior hits you but does no damage.
The orc wizard gestures at you while chanting.
You resist with almost no effort.
The orc high priest calls down the wrath of Beogh upon you.
Something smites you!
* * * LOW HITPOINT WARNING * * *
Evoke which item? (* to show all) (? for menu, Esc to quit)
Zapping:
l - a wand of cold {zapped: 5}
Aim: an orc high priest, wielding a halberd and wearing a chain mail (heavily wounded)
The bolt of cold hits the orc high priest.
The orc high priest is severely wounded.
The neqoxec gestures at you.
Something tries to feed on your intellect!
The orc warrior hits you but does no damage.
Evoke which item? (* to show all) (? for menu, Esc to quit)
Zapping:
l - a wand of cold {zapped: 6}
Aim: an orc high priest, wielding a halberd and wearing a chain mail (severely wounded)
The bolt of cold hits the orc high priest.
You kill the orc high priest!
Yredelemnul accepts your kill.
Drink which item? (? for menu, Esc to quit)
Okay, then.
You barely miss the orc warrior.
The orc warrior is moderately wounded.
The orc warrior hits you with a flail!
You die...
Your body rises from the dead as a mindless zombie.

Action                   |  1- 3 |  4- 6 |  7- 9 | 10-12 | 13-15 || total
-------------------------+-------+-------+-------+-------+-------++-------
Melee: Spear             |   127 |    18 |       |       |       ||   145
       Trident           |       |   164 |   134 |       |       ||   298
       Lajatang          |       |       |   266 |   392 |  1137 ||  1795
       Quarterstaff      |       |       |       |   174 |       ||   174
 Fire: Blowgun           |       |       |    34 |    36 |       ||    70
Throw: Stone             |    30 |    10 |       |       |       ||    40
       Tomahawk          |       |     3 |     7 |       |       ||    10
       Javelin           |       |       |     2 |     1 |       ||     3
       Throwing net      |       |       |       |     4 |     1 ||     5
Invok: Animate Remains   |    12 |    17 |    35 |       |       ||    64
       Injury Mirror     |       |       |     1 |     1 |     3 ||     5
       Animate Dead      |       |       |     4 |    54 |    97 ||   155
       Drain Life        |       |       |       |     3 |    17 ||    20
       Enslave Soul      |       |       |       |       |     1 ||     1
       Recall Undead Sla |       |       |       |       |     6 ||     6
 Abil: Evoke Jump Attack |       |       |       |       |     1 ||     1
Evoke: Wand              |       |       |       |    23 |    16 ||    39
  Use: Scroll            |     2 |     4 |     6 |    18 |    19 ||    49
       Potion            |     1 |       |     1 |     4 |    11 ||    17
 Stab: Distracted        |     1 |     1 |     7 |     8 |    14 ||    31
       Paralysed         |       |       |       |     2 |       ||     2
       Held in net/web   |       |       |       |     1 |     1 ||     2
       Confused          |       |       |       |       |     2 ||     2
  Eat: Chunk             |     4 |     7 |    15 |    22 |    24 ||    72
       Fruit             |       |       |     4 |       |    24 ||    28
       Pizza             |       |       |     2 |       |     3 ||     5
       Beef jerky        |       |       |     1 |     3 |       ||     4
       Meat ration       |       |       |       |     1 |       ||     1

Vault maps used:
D:1:      evilmike_arrival_hilbert_curve, nrook_loot_triangle
D:2:      first_bread, bh_walls_and_bars
D:3:      minitemple, uniq_natasha
D:4:      minivault_14, kennysheep_potato
D:5:      minmay_misc_feat_plants, hangedman_decor_riveting, cheibriados_altar_1
D:6:      minmay_temple_entry_large_hall
D:7:      gammafunk_temple_overflow_pools, basic_altar, the_bakery
D:8:      led_sif_pool
D:9:      erik_lair_dragon, basic_altar, evilmike_butchery
D:10:     orc_0_dummy, serial_shops, shop, okawaru_trees_2
D:11:     uniq_psyche, uniq_harold
D:12:     uniq_maurice
Orc:1:    nicolae_orc_flooded_monolith
Orc:2:    basic_altar, mines2_david
Orc:3:    nicolae_orc_pool_cavern, uniq_fannar
Orc:4:    orc_temple, serial_shops, nicolae_shop_trees, st_orc_congregation
Lair:2:   serial_forest, infiniplex_forest_lined_4_way,
          infiniplex_forest_lined_corner, infiniplex_forest_lined_ring,
          infiniplex_forest_lined_room_2, infiniplex_forest_lined_3,
          infiniplex_forest_end_3, infiniplex_forest_clump_large,
          infiniplex_forest_straight_3, st_stairs_13, serial_bayou_lagoon_a,
          nicolae_quartered_pool_super, zaba_anthell
Lair:3:   lemuel_ratsnest, grunt_megastairs_3, uniq_snorg
Lair:4:   spider_nest_entry_webs, special_room
Lair:5:   minmay_swamp_entry_worms, uniq_erica, uniq_rupert
Lair:6:   eino_house_with_fridge, serial_bayou_shore_a
Lair:8:   minmay_lair_end_frog_pond, minmay_slime_entry_oklob_open,
          lemuel_fruit_fields, infiniplex_staircase_pool_2

Notes
Turn   | Place    | Note
--------------------------------------------------------------
     0 | D:1      | RobertPalmer, the Human Death Knight, began the quest for the Orb.
     0 | D:1      | Reached XP level 1. HP: 16/16 MP: 2/2
   372 | D:1      | Reached XP level 2. HP: 9/22 MP: 3/3
   991 | D:2      | Reached skill level 3 in Polearms
   991 | D:2      | Reached XP level 3. HP: 14/27 MP: 5/5
  1998 | D:2      | Reached skill level 4 in Polearms
  1998 | D:2      | Reached XP level 4. HP: 20/33 MP: 6/6
  2221 | D:3      | Noticed Natasha
  2245 | D:2      | Killed Natasha
  2631 | D:3      | Reached XP level 5. HP: 26/38 MP: 6/8
  2741 | D:3      | Found a white marble altar of Elyvilon.
  2743 | D:3      | Found a shimmering altar of Xom.
  2790 | D:3      | Acquired Yredelemnul's second power
  3017 | D:4      | Reached skill level 5 in Polearms
  3239 | D:4      | Reached XP level 6. HP: 44/44 MP: 9/9
  3321 | D:4      | Noticed letownia's ghost (average TrWr)
  3491 | D:4      | Reached skill level 6 in Polearms
  4077 | D:4      | Reached XP level 7. HP: 28/50 MP: 11/11
  4084 | D:4      | Reached skill level 7 in Polearms
  4182 | D:5      | Entered Level 5 of the Dungeon
  4419 | D:5      | Found a snail-covered altar of Cheibriados.
  4498 | D:5      | Reached skill level 2 in Armour
  4655 | D:5      | Reached skill level 3 in Armour
  5226 | D:5      | Reached skill level 4 in Armour
  5696 | D:6      | Found a staircase to the Ecumenical Temple.
  5714 | D:6      | Reached XP level 8. HP: 56/56 MP: 12/12
  5976 | D:6      | Reached skill level 5 in Armour
  6042 | D:6      | Reached skill level 1 in Staves
  6251 | D:6      | Reached skill level 2 in Staves
  6606 | D:6      | Reached skill level 3 in Staves
  6671 | D:7      | Reached skill level 4 in Staves
  6727 | D:7      | Reached skill level 5 in Staves
  7302 | D:7      | Reached XP level 9. HP: 61/61 MP: 14/14
  7313 | D:7      | Reached skill level 6 in Staves
  7386 | D:7      | Found a white marble altar of Elyvilon.
  7415 | D:7      | Reached skill level 7 in Staves
  7488 | D:7      | Found a sparkling altar of Nemelex Xobeh.
  7488 | D:7      | Found a shadowy altar of Dithmenos.
  8054 | D:7      | Noticed a spriggan baker
  8062 | D:7      | Killed a spriggan baker
  8062 | D:7      | Reached skill level 8 in Staves
  9126 | D:8      | Acquired Yredelemnul's third power
  9187 | D:8      | Reached skill level 2 in Dodging
  9233 | D:8      | Reached skill level 3 in Dodging
  9656 | D:8      | Found a deep blue altar of Sif Muna.
 10034 | D:9      | Reached XP level 10. HP: 67/67 MP: 15/15
 10093 | D:9      | Reached skill level 4 in Dodging
 10222 | D:9      | Found an ancient bone altar of Kikubaaqudgha.
 10509 | D:9      | Noticed a komodo dragon
 10618 | D:9      | Reached skill level 5 in Dodging
 10688 | D:9      | HP: 4/67 [komodo dragon (13)]
 10704 | D:9      | Killed a komodo dragon
 10704 | D:9      | Reached skill level 6 in Dodging
 11053 | D:9      | Reached skill level 7 in Dodging
 11090 | D:9      | Reached skill level 6 in Armour
 11454 | D:9      | Found a staircase to the Lair.
 11508 | Lair:1   | Entered Level 1 of the Lair of Beasts
 11668 | Lair:1   | Noticed an eight-headed hydra
 11678 | Lair:1   | Reached skill level 7 in Armour
 11725 | Lair:1   | Acquired Yredelemnul's fourth power
 11983 | D:10     | Entered Level 10 of the Dungeon
 12044 | D:10     | Found Tiyhom's Weapon Shoppe.
 12062 | D:10     | Received a gift from Yredelemnul
 12077 | D:10     | Bought the +4 quarterstaff of Nuuta {venom, SInv} for 360 gold pieces
 12322 | D:10     | Found an iron altar of Okawaru.
 12328 | D:10     | Reached skill level 4 in Invocations
 12354 | D:10     | Reached XP level 11. HP: 52/72 MP: 18/18
 12380 | D:10     | Found a staircase to the Orcish Mines.
 12680 | D:11     | Noticed Psyche
 12701 | D:11     | Killed Psyche
 12701 | D:11     | Reached skill level 8 in Armour
 12709 | D:11     | Reached skill level 5 in Invocations
 12812 | D:11     | Noticed a cyclops
 13086 | D:11     | Killed a cyclops
 13283 | D:11     | Noticed a cyclops
 13298 | D:11     | Killed a cyclops
 13298 | D:11     | Reached skill level 9 in Armour
 13379 | D:11     | Noticed an ice devil
 13387 | D:11     | Killed an ice devil
 13670 | D:11     | Noticed Harold
 13674 | D:11     | Identified 2 potions of resistance
 13706 | D:11     | Killed Harold
 13706 | D:11     | Reached skill level 10 in Armour
 14028 | D:11     | Noticed a white ugly thing
 14359 | D:11     | Killed a white ugly thing
 14795 | D:9      | Received a gift from Yredelemnul
 15060 | Lair:1   | Noticed a spiny frog
 15069 | Lair:1   | Killed a spiny frog
 15159 | Lair:1   | Identified a scroll of acquirement
 15160 | Lair:1   | Got a warped cloak
 15171 | Lair:1   | Identified the +1 cloak of Free Expression {+Rage SInv} (You acquired it on level 1 of the Lair of Beasts)
 15258 | Lair:1   | Reached skill level 9 in Staves
 15258 | Lair:1   | Reached skill level 8 in Dodging
 15450 | Lair:1   | Killed an eight-headed hydra
 15893 | Lair:1   | Reached XP level 12. HP: 78/78 MP: 20/20
 15894 | Lair:1   | Received a gift from Yredelemnul
 16064 | Lair:2   | Received a gift from Yredelemnul
 16069 | Lair:2   | Reached skill level 9 in Dodging
 16095 | Lair:2   | Reached skill level 10 in Staves
 16118 | Lair:2   | Received a gift from Yredelemnul
 16556 | Lair:2   | Reached skill level 3 in Fighting
 16810 | Lair:2   | Reached skill level 10 in Dodging
 17166 | Lair:3   | Noticed Snorg
 17172 | Lair:3   | Received a gift from Yredelemnul
 17178 | Lair:3   | Reached skill level 4 in Fighting
 17180 | Lair:3   | Killed Snorg
 17453 | Lair:3   | Reached skill level 5 in Fighting
 18132 | Lair:4   | Got a faintly glowing shield
 18249 | Lair:4   | Reached XP level 13. HP: 82/92 MP: 21/21
 18259 | Lair:4   | Found a hole to the Spider Nest.
 18463 | Lair:4   | Noticed a catoblepas
 18465 | Lair:4   | Reached skill level 11 in Dodging
 18477 | Lair:4   | Killed a catoblepas
 18477 | Lair:4   | Reached skill level 6 in Invocations
 18505 | Lair:4   | Reached skill level 7 in Invocations
 18822 | Lair:4   | Acquired Yredelemnul's fifth power
 18890 | Lair:4   | Noticed an eight-headed hydra
 18897 | Lair:4   | Killed a six-headed hydra
 19485 | Lair:5   | Reached skill level 12 in Dodging
 19497 | Lair:5   | Reached skill level 6 in Fighting
 19718 | Lair:5   | Received a gift from Yredelemnul
 20568 | Lair:5   | Noticed Rupert
 20588 | Lair:5   | Killed Rupert
 20786 | Lair:5   | Noticed Erica
 20799 | Lair:5   | Received a gift from Yredelemnul
 20804 | Lair:5   | Killed Erica
 20929 | Lair:6   | Reached skill level 7 in Fighting
 21055 | Lair:6   | Got a smoking plate armour
 21066 | Lair:6   | Identified the -9 plate armour "Borum" {+Fly Dex-1 Int+3} (You found it on level 6 of the Lair of Beasts)
 21532 | Lair:6   | Got a jacinth-encrusted chain mail
 21673 | Lair:6   | Identified the +6 chain mail of Koix {Dex-3} (You found it on level 6 of the Lair of Beasts)
 21812 | Lair:6   | Reached skill level 8 in Fighting
 21812 | Lair:6   | Reached XP level 14. HP: 70/105 MP: 19/25
 22045 | Lair:7   | Reached skill level 8 in Invocations
 22181 | Lair:7   | Received a gift from Yredelemnul
 22589 | Lair:7   | Reached skill level 13 in Dodging
 23008 | Lair:8   | Entered Level 8 of the Lair of Beasts
 23023 | Lair:8   | Reached skill level 9 in Invocations
 23169 | Lair:8   | Received a gift from Yredelemnul
 23323 | Lair:8   | Found a staircase to the Slime Pits.
 23386 | Lair:8   | Reached skill level 10 in Invocations
 23454 | Lair:8   | Received a gift from Yredelemnul
 23767 | Lair:8   | Reached skill level 14 in Dodging
 24027 | Lair:8   | Reached skill level 11 in Invocations
 24337 | Lair:8   | Got a heavily runed golden ring
 24349 | Lair:8   | Identified the cursed ring "Boforch" {MR+ Dex+1 Int-1} (You found it on level 8 of the Lair of Beasts)
 24399 | Lair:8   | Reached XP level 15. HP: 112/112 MP: 27/29
 24788 | D:10     | Noticed a hill giant
 24797 | D:10     | Killed a hill giant
 24797 | D:10     | Reached skill level 9 in Fighting
 24823 | Orc:1    | Entered Level 1 of the Orcish Mines
 25260 | Orc:2    | Found a roughly hewn altar of Beogh.
 25545 | Orc:2    | Found a roughly hewn altar of Beogh.
 26500 | Orc:4    | Entered Level 4 of the Orcish Mines
 26707 | Orc:4    | Found a staircase to the Elven Halls.
 26760 | Orc:4    | Found Sahezietu's Assorted Antiques.
 26767 | Orc:4    | Bought a scroll of enchant armour for 247 gold pieces
 26767 | Orc:4    | Bought a scroll of recharging for 313 gold pieces
 26767 | Orc:4    | Bought a scroll labeled ATEITW LAGI for 33 gold pieces
 26767 | Orc:4    | Bought a potion of heal wounds for 99 gold pieces
 26867 | Orc:4    | Received a gift from Yredelemnul
 26959 | Orc:4    | Noticed an orc warlord
 26982 | Orc:4    | Killed an orc warlord
 27441 | Orc:4    | Reached skill level 11 in Armour
 27698 | Orc:4    | Found a roughly hewn altar of Beogh.
 27853 | Orc:4    | Noticed an orc warlord
 27940 | Orc:3    | Killed an orc warlord
 28580 | Orc:4    | HP: 11/114 [orc high priest/divine providence (10)]
 28585 | Orc:4    | HP: 8/114 [poisoned by an orange demon]
 28590 | Orc:4    | HP: 7/114 [poisoned by an orange demon]
 28596 | Orc:3    | HP: 6/114 [poisoned by an orange demon]
 28603 | Orc:3    | HP: 6/114 [poisoned by an orange demon]
 28611 | Orc:3    | HP: 6/114 [poisoned by an orange demon]
 29096 | Orc:4    | Reached skill level 12 in Armour
 29456 | Orc:4    | HP: 10/114 [orc wizard/puff of flame (2)]
 29459 | Orc:4    | Gained mutation: You are weak. (Str -2) [potion of mutation]
 29459 | Orc:4    | Gained mutation: You possess an exceptional clarity of mind. [potion of mutation]
 29486 | Orc:4    | HP: 2/114 [orc high priest/divine providence (14)]
 29489 | Orc:4    | Mangled by an orc warrior

Vanquished Creatures
  Rupert (Lair:5)
  2 orc warlords
  Snorg (Lair:3)
  An ettin (Orc:4)
  Harold (D:11)
  A hydra (Lair:7)
  3 death yaks (Lair:8)
  A catoblepas (Lair:4)
  3 orc high priests (Orc:4)
  An ice devil (D:11)
  An ugly thing (D:11)
  A griffon (Lair:6)
  4 orc knights (Orc:4)
  4 fire drakes
  2 cyclopes (D:11)
  4 black mambas
  4 orc sorcerers (Orc:4)
  A queen ant (Lair:2)
  An orange demon (D:11)
  Psyche (D:11)
  2 komodo dragons
  17 spiny frogs
  2 kobold demonologists (D:11)
  2 trolls
  A boulder beetle (Lair:7)
  A flying skull (Lair:5)
  3 basilisks (Lair:4)
  A wyvern (Lair:4)
  2 trapdoor spiders (Lair:4)
  6 blink frogs
  6 hippogriffs
  24 yaks
  4 vampire mosquitoes (Lair:8)
  5 wolves
  2 mottled dragons
  A warg (Orc:3)
  14 water moccasins
  5 ice beasts
  3 soldier ants (Lair:2)
  33 orc warriors
  11 porcupines
  3 sky beasts
  A black bear (D:11)
  3 centaurs
  5 ogres
  3 crocodiles
  18 giant frogs
  A cyclops zombie (D:11)
  2 big kobolds (D:11)
  4 scorpions
  5 wights (D:7)
  2 electric eels
  A hippogriff skeleton (D:8)
  2 crimson imps
  7 killer bees
  4 hounds
  2 goliath beetles
  A jelly (D:10)
  17 worker ants
  32 orc priests
  2 giant frog skeletons
  2 centaur skeletons
  5 orange rats (Lair:3)
  A yak simulacrum (Lair:6)
  Natasha (D:2)
  28 orc wizards
  12 iguanas
  7 sheep
  3 polar bear simulacra (Lair:6)
  3 wolf simulacra (Lair:6)
  An ogre zombie (Orc:4)
  A crocodile skeleton (D:9)
  11 gnolls
  14 adders
  47 green rats
  A shadow imp (D:11)
  A giant mite (D:3)
  A worm (D:2)
  An iguana zombie (Lair:5)
  2 orc zombies (Orc:4)
  A giant gecko (D:8)
  2 oozes (D:3)
  122 orcs
  9 bats
  20 hobgoblins
  9 jackals
  19 kobolds
  3 ball pythons
  6 giant cockroaches
  6 giant newts
  9 goblins
  A green rat simulacrum (Lair:6)
  A hobgoblin zombie (D:5)
  10 quokkas
  22 rats
  A rat zombie (D:7)
  A butterfly (Lair:8)
  2 plants (Lair:8)
684 creatures vanquished.

Vanquished Creatures (collateral kills)
  3 hydras
  Erica (Lair:5)
  6 death yaks
  A necromancer (Lair:6)
  An orc knight (Orc:3)
  A hill giant (D:10)
  A griffon (Lair:7)
  An orc sorcerer (Orc:4)
  3 elephants (Lair:8)
  2 black mambas
  14 spiny frogs
  3 komodo dragons
  A steam dragon (Lair:3)
  5 fire drakes
  6 basilisks
  3 giant leeches
  20 blink frogs
  2 trapdoor spiders (Lair:4)
  A spriggan (D:7)
  4 wyverns (Lair:4)
  28 yaks
  6 hippogriffs
  A hill giant zombie (D:11)
  5 porcupines
  6 wolves
  12 soldier ants
  9 water moccasins
  2 ogres
  2 orc warriors
  A necrophage (D:9)
  A boring beetle (Lair:7)
  4 crocodiles
  8 giant frogs
  2 wights (D:7)
  A scorpion (D:8)
  A troll zombie (D:7)
  3 electric eels
  3 jellies
  5 orc priests
  A quasit (D:7)
  3 hounds
  5 iguanas
  23 worker ants (Lair:2)
  9 orc wizards
  An orange rat (Lair:3)
  A polar bear simulacrum (Lair:6)
  11 sheep
  2 yak simulacra (Lair:6)
  22 green rats
  A gnoll (D:8)
  8 adders
  An ufetubus (D:11)
  An adder zombie (D:7)
  A giant gecko (D:9)
  17 orcs
  2 bats
  6 goblins
  A hobgoblin (D:9)
  2 jackals
  4 kobolds
  4 quokkas
  2 giant newts
  A rat (Lair:3)
  2 ballistomycetes (D:7)
  A butterfly (Lair:8)
  7 fungi
  6 plants
324 creatures vanquished.

Vanquished Creatures (others)
  A skeletal warrior (Orc:4)
  A flayed ghost (Lair:8)
  2 phantasmal warriors (Lair:8)
  A spiny frog (Lair:7)
  A death yak zombie (Lair:8)
  A trapdoor spider zombie (Lair:4)
  A vampire (Lair:8)
  5 flying skulls
  3 wraiths
  A black mamba zombie (Lair:8)
  4 spiny frog zombies
  2 blink frog zombies
  A fire drake zombie (Lair:8)
  A vampire mosquito zombie (Lair:8)
  A komodo dragon zombie (D:9)
  A cyclops zombie (D:11)
  3 water moccasin zombies
  5 hippogriff zombies
  13 yak zombies
  5 giant frog zombies
  A wolf zombie (Lair:2)
  A centaur zombie (D:7)
  A black bear zombie (D:11)
  A hound (Lair:6)
  3 porcupine zombies
  2 orc wizards
  3 killer bee zombies
  An ogre zombie (Orc:4)
  A hound zombie (Lair:6)
  2 mummies
  A hound skeleton (D:7)
  8 worker ant zombies
  2 scorpion zombies
  A worm zombie (D:2)
  3 adder zombies
  An electric eel zombie (Lair:8)
  2 orc skeletons (Orc:4)
  3 sheep zombies
  3 orcs (Orc:4)
  A bat zombie (D:2)
  4 gnoll zombies
  7 green rat zombies
  A hobgoblin (Orc:4)
  2 ball python zombies
  A giant gecko zombie (D:8)
  2 giant newt zombies (D:2)
  A giant spore (D:7)
  4 goblin zombies
  2 green rat skeletons (Lair:8)
  6 hobgoblin zombies
  A jackal zombie (D:7)
  8 kobold zombies
  64 orc zombies
  A quokka zombie (D:9)
  A rat zombie (D:10)
  5 fungi
  8 plants (Lair:8)
212 creatures vanquished.

Grand Total: 1220 creatures vanquished
